[Event "Kazakhstan Cup Women 2020"]
[Site "Almaty"]
[Date "2020.12.12"]
[Round "2.2"]
[White "Dauletova, Gulmira"]
[Black "Kairbekova, Amina"]
[Result "0-1"]
[ECO "C02"]
[WhiteElo "2319"]
[BlackElo "2065"]
[Annotator "RC"]
[PlyCount "168"]
[EventDate "2020.12.01"]
[EventType "tourn"]
[EventCountry "KAZ"]
[SourceTitle "playchess.com"]
[Source "ChessBase"]
[SourceQuality "1"]
[TimeControl "40/5400+30:1800+30"]

1. e4 e6 2. d4 d5 3. e5 c5 4. c3 Nc6 5. Nf3 Bd7 6. Be2 Nge7 7. O-O Nf5 8. dxc5 Bxc5 9. Bd3 Nh4 10. Nbd2 Ng6 11. Nb3 Bb6 12. Re1 O-O 13. Nbd4 Bc7 14. Nxc6 Bxc6 15. Ng5 Qe8 16. Qh5 h6 17. Nf3 f5 18. Qh3 Ne7 19. Nd4 Bd7 20. f4 Bb6 21. Be3 Bxd4 22. Bxd4 b6 23. Bf2 Bb5 24. Bc2 Ba4 25. b3 Bd7 26. a4 Qc8 27. a5 Qc7 28. axb6 axb6 29. Qe3 Rxa1 30. Rxa1 Rc8 31. Be1 Bb5 32. Bd1 Qc5 33. Qxc5 bxc5 34. Bf2 Bd3 35. h3 g5 36. g3 gxf4 37. gxf4 d4 38. c4 Be4 39. Be1 Nc6 40. Kf2 Kf7 41. Kf1 Rg8 42. Bh4 Rb8 43. Ra6 Ke8 44. Be1 Kd7 45. Ra4 Rg8 46. Ra2 Bd3+ 47. Kf2 Bb1 48. Rb2 Be4 49. Bf3 Bxf3 50. Kxf3 Rg1 51. Bd2 Ra1 52. Kg3 d3 53. Be3 Nb4 54. Rd2 Kc6 55. Kf3 Rb1 56. Rg2 Rxb3 57. Bd2 Rb2 58. Ke3 Rc2 59. Rg6 Rxc4 60. Rxe6+ Kb5 61. Bxb4 cxb4 62. Kxd3 b3 63. Re8 Rxf4 64. e6 Kc6 65. Kc3 Rf3+ 66. Kb2 Kd6 67. h4 f4 68. Rh8 Kxe6 69. Rxh6+ Kf5 70. Rh8 Re3 71. Rf8+ Kg4 72. h5 Rh3 73. h6 Rxh6 74. Kxb3 Rc6 75. Kb4 Kg3 76. Kb5 Rc7 77. Kb6 Rc3 78. Kb5 f3 79. Kb4 Rc7 80. Rg8+ Kf2 81. Rf8 Kg2 82. Rg8+ Kf1 83. Rf8 f2 84. Kb3 Rg7 0-1

[Event "Kazakhstan Cup Women 2020"]
[Site "Almaty"]
[Date "2020.12.12"]
[Round "2.3"]
[White "Balabayeva, Xeniya"]
[Black "Serikbay, Assel"]
[Result "0-1"]
[ECO "C05"]
[WhiteElo "2146"]
[BlackElo "2247"]
[Annotator "RC"]
[PlyCount "124"]
[EventDate "2020.12.01"]
[EventType "tourn"]
[EventCountry "KAZ"]
[SourceTitle "playchess.com"]
[Source "ChessBase"]
[SourceQuality "1"]
[TimeControl "40/5400+30:1800+30"]

1. e4 e6 2. d4 d5 3. Nd2 Nf6 4. e5 Nfd7 5. Bd3 c5 6. c3 Nc6 7. Ndf3 Be7 8. Ne2 g5 9. h3 b6 10. Be3 Bb7 11. Qd2 h6 12. g3 Qc7 13. h4 g4 14. Nh2 Ncxe5 15. Bf4 Nxd3+ 16. Qxd3 Bd6 17. Nxg4 Bxf4 18. Nxf4 O-O-O 19. O-O Rdg8 20. Qf3 h5 21. Ne3 Qd6 22. Rad1 Kb8 23. Rfe1 c4 24. Kh2 Nf6 25. Qe2 Ne4 26. Nf1 Ka8 27. Nd2 Nf6 28. Kh1 Ng4 29. Nf1 e5 30. dxe5 d4+ 31. f3 Nxe5 32. Qxe5 Bxf3+ 33. Kg1 Qxe5 34. Rxe5 Bxd1 35. cxd4 Bg4 36. Re7 Rd8 37. d5 Rd7 38. Re4 b5 39. Ne3 Kb7 40. Kf2 Kb6 41. Re5 Rc8 42. Nxh5 Bxh5 43. Rxh5 c3 44. bxc3 Rxc3 45. Rh6+ Kb7 46. Rf6 Ra3 47. h5 Rxa2+ 48. Kf3 Rh2 49. g4 b4 50. Kg3 Rh1 51. Kg2 Rc1 52. h6 b3 53. Rf2 a5 54. g5 Rc8 55. h7 Rh8 56. Nc4 a4 57. Ne5 Rxd5 58. Rxf7+ Ka6 59. Nc4 Rxg5+ 60. Kf3 Kb5 61. Nd6+ Kc6 62. Nc4 Rh5 0-1

[Event "Kazakhstan Cup Women 2020"]
[Site "Almaty"]
[Date "2020.12.13"]
[Round "3.1"]
[White "Kurmangaliyeva, Liya"]
[Black "Nakhbayeva, Guliskhan"]
[Result "1/2-1/2"]
[ECO "C15"]
[WhiteElo "1974"]
[BlackElo "2328"]
[Annotator "ChessBase"]
[PlyCount "116"]
[EventDate "2020.12.01"]
[EventType "tourn"]
[EventCountry "KAZ"]
[SourceTitle "playchess.com"]
[Source "ChessBase"]
[SourceQuality "1"]
[TimeControl "40/5400+30:1800+30"]

1. e4 e6 2. d4 d5 3. Nc3 Bb4 4. exd5 exd5 5. Bd3 Nc6 6. a3 Bxc3+ 7. bxc3 Nge7 8. Qh5 Be6 9. Rb1 b6 10. Nf3 Qd7 11. Ng5 g6 12. Qf3 O-O-O 13. Nxe6 fxe6 14. O-O e5 15. dxe5 Nxe5 16. Ba6+ Kb8 17. Qg3 Nf7 18. Bb5 Nf5 19. Qh3 Qe7 20. a4 N7d6 21. Ba3 Qf6 22. Qd3 Ne4 23. a5 Qxc3 24. Rfd1 Qxd3 25. Rxd3 d4 26. g4 Nfd6 27. Bc6 Nc3 28. Re1 Nc4 29. Be7 Nxa5 30. Bxd8 Rxd8 31. Rxd4 Nxc6 32. Rc4 Rd4 33. Rxc3 Rxg4+ 34. Kf1 Nb4 35. Rd1 Kc8 36. f3 Rh4 37. Kg2 a5 38. Kg3 Rh5 39. Rd4 c5 40. Re4 Kd7 41. Rb3 a4 42. Rb1 a3 43. c3 Nd5 44. Rd1 b5 45. c4 b4 46. cxd5 a2 47. d6 Rg5+ 48. Kf2 Rd5 49. Rxd5 a1=Q 50. Rd2 Qc3 51. Re7+ Kd8 52. Ree2 Kd7 53. Re7+ Kc6 54. Ree2 Kd7 55. Re7+ Kd8 56. Ree2 Kd7 57. Re7+ Kd8 58. Ree2 Kd7 1/2-1/2

[Event "Kazakhstan Cup Women 2020"]
[Site "Almaty"]
[Date "2020.12.13"]
[Round "3.2"]
[White "Kamalidenova, Meruert"]
[Black "Abdildayeva, Laura"]
[Result "0-1"]
[ECO "C17"]
[WhiteElo "2231"]
[BlackElo "1845"]
[Annotator "ChessBase"]
[PlyCount "92"]
[EventDate "2020.12.01"]
[EventType "tourn"]
[EventCountry "KAZ"]
[SourceTitle "playchess.com"]
[Source "ChessBase"]
[SourceQuality "1"]
[TimeControl "40/5400+30:1800+30"]

1. e4 e6 2. d4 d5 3. Nc3 Bb4 4. e5 c5 5. a3 Ba5 6. b4 cxd4 7. Nb5 Bc7 8. f4 Ne7 9. Bd3 Nbc6 10. Nxc7+ Qxc7 11. Nf3 Bd7 12. O-O Rc8 13. Kh1 Nf5 14. Bxf5 exf5 15. Bb2 O-O 16. Nxd4 Nxd4 17. Qxd4 Be6 18. Rf2 b6 19. Qe3 Qc4 20. Bd4 Rc7 21. c3 Rfc8 22. h3 Qb3 23. Rf3 Rc4 24. Qd2 Qa4 25. Kh2 Kf8 26. Qe1 h6 27. Qf2 R8c7 28. Ra2 Rc8 29. Rd2 R4c7 30. g4 fxg4 31. Rg3 Qd7 32. hxg4 Bxg4 33. e6 Qxe6 34. f5 Qe4 35. Bxg7+ Kxg7 36. Rd4 Qe5 37. Rdxg4+ Kf6 38. Qd2 Rxc3 39. Qxh6+ Ke7 40. f6+ Qxf6 41. Re3+ Rxe3 42. Qxe3+ Qe6 43. Qg5+ Kd7 44. Rg2 Rh8+ 45. Kg3 Rh3+ 46. Kf2 Rxa3 0-1

[Event "Kazakhstan Cup Women 2020"]
[Site "Almaty"]
[Date "2020.12.13"]
[Round "3.3"]
[White "Serikbay, Assel"]
[Black "Abdumalik, Zhansaya"]
[Result "1/2-1/2"]
[ECO "D27"]
[WhiteElo "2247"]
[BlackElo "2478"]
[Annotator "ChessBase"]
[PlyCount "86"]
[EventDate "2020.12.01"]
[EventType "tourn"]
[EventCountry "KAZ"]
[SourceTitle "playchess.com"]
[Source "ChessBase"]
[SourceQuality "1"]
[TimeControl "40/5400+30:1800+30"]

1. d4 d5 2. Nf3 Nf6 3. c4 dxc4 4. e3 e6 5. Bxc4 c5 6. O-O a6 7. a4 cxd4 8. exd4 Nc6 9. Nc3 Be7 10. Bf4 O-O 11. d5 exd5 12. Nxd5 Nxd5 13. Bxd5 Qb6 14. Ne5 Nxe5 15. Bxe5 Be6 16. Bxe6 Qxe6 17. Bc3 Bf6 18. Bxf6 Qxf6 19. Qb3 b6 20. Rac1 Rad8 21. Rfd1 g6 22. Qc2 Rfe8 23. b3 h5 24. h3 a5 25. Rxd8 Rxd8 26. Rd1 Re8 27. Qd2 Kg7 28. Re1 Rd8 29. Qe2 Rd5 30. Rd1 Re5 31. Qc4 Re6 32. Qd3 h4 33. Kf1 Qe7 34. Qd4+ Kh7 35. Kg1 Qg5 36. Kf1 Qe7 37. Kg1 g5 38. Qd3+ Kg7 39. Qc3+ Kg6 40. Kf1 Re5 41. Qc6+ Re6 42. Qc3 Re5 43. Qc6+ Re6 1/2-1/2

[Event "Kazakhstan Cup Women 2020"]
[Site "Almaty"]
[Date "2020.12.13"]
[Round "3.4"]
[White "Kairbekova, Amina"]
[Black "Balabayeva, Xeniya"]
[Result "1-0"]
[ECO "C09"]
[WhiteElo "2065"]
[BlackElo "2146"]
[Annotator "NA"]
[PlyCount "61"]
[EventDate "2020.12.01"]
[EventType "tourn"]
[EventCountry "KAZ"]
[SourceTitle "playchess.com"]
[Source "ChessBase"]
[SourceQuality "1"]
[TimeControl "40/5400+30:1800+30"]

1. e4 e6 2. d4 d5 3. Nd2 c5 4. exd5 exd5 5. Ngf3 Nc6 6. Bb5 Nf6 7. O-O Be7 8. dxc5 Bxc5 9. Re1+ Be6 10. Nb3 $14 Bb6 11. Nbd4 Bxd4 12. Nxd4 Qd7 13. b3 O-O 14. Bb2 Ne4 15. Nxe6 Qxe6 16. f3 Qg6 17. fxe4 dxe4 18. Bxc6 bxc6 19. Qd4 f5 20. Rad1 Rae8 21. Qc4+ Kh8 22. Rd7 Rg8 23. Qf7 Qg5 24. h4 Qg3 25. Re2 Qg4 26. h5 Ref8 27. h6 Rxf7 28. Rxf7 Rd8 29. Rd2 Qg5 30. Rxd8+ Qxd8 31. hxg7+ 1-0

[Event "Kazakhstan Cup Women 2020"]
[Site "Almaty"]
[Date "2020.12.13"]
[Round "3.5"]
[White "Nurmanova, Alua"]
[Black "Dauletova, Gulmira"]
[Result "0-1"]
[ECO "C70"]
[WhiteElo "2026"]
[BlackElo "2319"]
[Annotator "ChessBase"]
[PlyCount "110"]
[EventDate "2020.12.01"]
[EventType "tourn"]
[EventCountry "KAZ"]
[SourceTitle "playchess.com"]
[Source "ChessBase"]
[SourceQuality "1"]
[TimeControl "40/5400+30:1800+30"]

1. e4 e5 2. Nf3 Nc6 3. Bb5 a6 4. Ba4 g6 5. O-O Bg7 6. c3 b5 7. Bb3 Na5 8. Bc2 d6 9. a4 Bd7 10. d4 exd4 11. cxd4 Ne7 12. Bg5 f6 13. Bd2 Nc4 14. Bc3 d5 15. b3 Nb6 16. a5 Nbc8 17. Bb4 O-O 18. Nc3 Bc6 19. e5 Re8 20. Re1 Bb7 21. exf6 Bxf6 22. Bc5 Nd6 23. Ne5 Nef5 24. Qg4 Nh6 25. Qd1 Ndf7 26. f4 Be7 27. b4 Bxc5 28. bxc5 Nxe5 29. fxe5 Qh4 30. Qd2 Rf8 31. Rf1 Rae8 32. g3 Qh3 33. Ne2 Nf5 34. Bxf5 Rxf5 35. Rxf5 Qxf5 36. Rf1 Qc8 37. Rf6 Rf8 38. Qf4 Qe8 39. Nc1 b4 40. Rxf8+ Qxf8 41. Qe3 Bc6 42. Qb3 Bb5 43. Qxd5+ Qf7 44. Qd8+ Kg7 45. h4 Qf1+ 46. Kh2 Qf2+ 47. Kh1 Qe1+ 48. Kh2 Qd2+ 49. Kg1 Qxc1+ 50. Kh2 Qd2+ 51. Kg1 Qe1+ 52. Kh2 Qf2+ 53. Kh1 Bc6+ 54. d5 Qf3+ 55. Kh2 Bxd5 0-1

[Event "Kazakhstan Cup Women 2020"]
[Site "Almaty"]
[Date "2020.12.16"]
[Round "7.3"]
[White "Kairbekova, Amina"]
[Black "Kamalidenova, Meruert"]
[Result "0-1"]
[ECO "B23"]
[WhiteElo "2065"]
[BlackElo "2231"]
[Annotator "ChessBase"]
[PlyCount "136"]
[EventDate "2020.12.01"]
[EventType "tourn"]
[EventCountry "KAZ"]
[SourceTitle "playchess.com"]
[Source "ChessBase"]
[SourceQuality "1"]
[TimeControl "40/5400+30:1800+30"]

1. e4 c5 2. Nc3 d6 3. d4 cxd4 4. Qxd4 Nc6 5. Qd2 g6 6. b3 Bh6 7. f4 f5 8. Bb2 Nf6 9. Bd3 Qa5 10. exf5 Bxf5 11. Nge2 O-O-O 12. O-O-O Bxd3 13. Qxd3 Qf5 14. Qxf5+ gxf5 15. Nd5 Nxd5 16. Rxd5 Rhg8 17. g3 e6 18. Rd3 Bg7 19. Bxg7 Rxg7 20. Rhd1 Kc7 21. c4 h5 22. Nc3 a6 23. Re1 Rg6 24. Rde3 Kd7 25. Ne2 h4 26. gxh4 Rh6 27. Ng3 Rg8 28. h5 b5 29. Rd1 Kc7 30. Red3 Rd8 31. Kb2 bxc4 32. bxc4 Na5 33. Kc3 Nb7 34. Kd4 Nc5 35. R3d2 Rb8 36. Ke3 Rb6 37. Kf3 Rc6 38. Rb1 Nd7 39. Rdb2 Rxc4 40. Rb7+ Kc6 41. Ra7 Ra4 42. Ra8 Nb6 43. Rb8 Nd5 44. Rc1+ Kd7 45. Rb7+ Kd8 46. Rc6 Ra3+ 47. Rb3 Rxa2 48. Rc4 Ra5 49. Rb8+ Ke7 50. Rb7+ Kf6 51. Rb3 Rh8 52. Rc6 Ra4 53. Rxd6 Rxf4+ 54. Ke2 Ra4 55. Rb7 f4 56. Nf1 Rxh5 57. Ra7 Re5+ 58. Kf3 Ra3+ 59. Kg4 Re2 60. Raxa6 Rxa6 61. Rxa6 Rf2 62. Ng3 fxg3 63. Kxg3 Rf1 64. Ra8 Rg1+ 65. Kf3 Rg7 66. h3 Kf5 67. Ra4 e5 68. Ra5 Nf4 0-1

[Event "Kazakhstan Cup Women 2020"]
[Site "Almaty"]
[Date "2020.12.16"]
[Round "7.4"]
[White "Nurmanova, Alua"]
[Black "Kurmangaliyeva, Liya"]
[Result "0-1"]
[ECO "B57"]
[WhiteElo "2026"]
[BlackElo "1974"]
[Annotator "RC"]
[PlyCount "72"]
[EventDate "2020.12.01"]
[EventType "tourn"]
[EventCountry "KAZ"]
[SourceTitle "playchess.com"]
[Source "ChessBase"]
[SourceQuality "1"]
[TimeControl "40/5400+30:1800+30"]

1. e4 c5 2. Nf3 Nc6 3. d4 cxd4 4. Nxd4 Nf6 5. Nc3 d6 6. Bc4 Qb6 7. Nb3 e6 8. Bf4 Ne5 9. Be2 a6 10. Qd2 Be7 11. O-O-O Qc7 12. g4 b5 13. g5 Nfd7 14. Qd4 Bb7 15. h4 O-O 16. Bg3 b4 17. Qxb4 a5 18. Qd4 a4 19. Nb5 Qc6 20. Nd2 Ba6 21. Nc3 Bxe2 22. Nxe2 Rfc8 23. c3 Qb5 24. f4 Nd3+ 25. Kc2 Nxb2 26. Rb1 a3 27. Qe3 Qa4+ 28. Nb3 Rc4 29. Ned4 Rac8 30. Be1 Bd8 31. Rxb2 axb2 32. Kxb2 Ra8 33. Nc1 Bb6 34. Qe2 Bxd4 35. Rh3 Qa3+ 36. Kb1 Bxc3 0-1

[Event "Kazakhstan Cup Women 2020"]
[Site "Almaty"]
[Date "2020.12.16"]
[Round "7.5"]
[White "Dauletova, Gulmira"]
[Black "Abdildayeva, Laura"]
[Result "0-1"]
[ECO "C02"]
[WhiteElo "2319"]
[BlackElo "1845"]
[Annotator "ChessBase"]
[PlyCount "168"]
[EventDate "2020.12.01"]
[EventType "tourn"]
[EventCountry "KAZ"]
[SourceTitle "playchess.com"]
[Source "ChessBase"]
[SourceQuality "1"]
[TimeControl "40/5400+30:1800+30"]

1. e4 e6 2. d4 d5 3. e5 c5 4. c3 Nc6 5. Nf3 Bd7 6. Be2 Nge7 7. O-O Nf5 8. dxc5 Bxc5 9. Bd3 Nh4 10. Nbd2 Ng6 11. Nb3 Be7 12. Re1 Qc7 13. Qe2 O-O 14. Nbd4 h6 15. Nxc6 bxc6 16. c4 Rab8 17. Qc2 Qa5 18. Re2 Be8 19. Bd2 Qb6 20. Rb1 Nh4 21. Nxh4 Bxh4 22. b4 f5 23. exf6 Rxf6 24. c5 Qd8 25. g3 Bh5 26. Re5 Bf3 27. a3 Bg5 28. Rbe1 Bxd2 29. Qxd2 Qd7 30. Qc3 Rbf8 31. Qd4 h5 32. h4 Qf7 33. Rg5 Bg4 34. f4 Bf5 35. Be2 Rh6 36. Bf3 g6 37. Qe5 Qg7 38. Qxg7+ Kxg7 39. Kf2 Kf6 40. Re5 a5 41. Re2 axb4 42. axb4 Rb8 43. Rb2 Rh7 44. Be2 Rhb7 45. b5 cxb5 46. Ke3 b4 47. g4 hxg4 48. Bxg4 Rh7 49. Bxf5 gxf5 50. h5 b3 51. Rg6+ Kf7 52. c6 Rxh5 53. c7 Rc8 54. Rbg2 Rh7 55. R6g3 Rxc7 56. Kd4 Rc4+ 57. Ke5 Re4+ 58. Kd6 Rxf4 59. Rxb3 Kf6 60. Rbg3 Rg4 61. Rxg4 fxg4 62. Rxg4 Rh5 63. Rf4+ Rf5 64. Rg4 Rf3 65. Rg8 Re3 66. Rf8+ Kg5 67. Kc5 Re4 68. Rf1 Rf4 69. Re1 Kf5 70. Kd6 Re4 71. Rf1+ Kg4 72. Kc5 d4 73. Kc4 e5 74. Kd5 Re3 75. Kc4 d3 76. Kc3 e4 77. Rf8 Re2 78. Rg8+ Kf3 79. Rf8+ Ke3 80. Rh8 Rc2+ 81. Kb3 Rc7 82. Kb2 d2 83. Rh3+ Kd4 84. Rh1 e3 0-1